 Dungeon Crawl Stone Soup version 0.14-a0-788-g14b720c (webtiles) character file.

158 Jake482 the Covered (level 3, 0/33 HPs)
             Began as a Minotaur Fighter on Nov 10, 2013.
             Slain by Crazy Yiuf
             ... wielding a +4,+4 quarterstaff of chaos
              (6 damage)
             ... on Level 3 of the Dungeon.
             The game lasted 00:37:40 (1906 turns).

Jake482 the Covered (Minotaur Fighter)              Turns: 1906, Time: 00:37:41

HP   0/33        AC  7     Str 21      XL: 3   Next: 96%
MP   1/1         EV  7     Int  5      God:
Gold 92          SH 19     Dex  9      Spells:  0 memorised,  2 levels left

Res.Fire  : . . .   See Invis. : .   w - +2 mace
Res.Cold  : . . .   Warding    : .   b - +0 scale mail
Life Prot.: . . .   Conserve   : .   c - +0 shield
Res.Poison: .       Res.Corr.  : .   (helmet restricted)
Res.Elec. : .       Clarity    : .   (no cloak)
Sust.Abil.: . .     Spirit.Shd : .   (no gloves)
Res.Mut.  : .       Stasis     : .   (no boots)
Res.Rott. : .       Flight     : .   H - amulet of inaccuracy {unknown}
Saprovore : . . .                    (no ring)
                                     (no ring)

@: not resistant to hostile enchantments, extremely unstealthy
A: retaliatory headbutt, horns 2
a: no special abilities


You were on level 3 of the Dungeon.
You were very hungry.

You visited 1 branch of the dungeon, and saw 3 of its levels.

You collected 92 gold pieces.

Inventory:

Hand weapons
 a - a +0,+0 hand axe
 g - a +0,+0 whip
 j - a +0,+0 dagger
 l - a +0,+0 dagger
 n - a cursed +0,+0 club
 w - a +2,+2 mace (weapon)
 x - a +0,+0 short sword
 y - a +0,+0 short sword
 A - a +0,+0 short sword
 D - a +2,+0 elven short sword
Missiles
 o - 40 darts (quivered)
 q - 13 bolts
 r - 28 arrows
 u - 19 sling bullets
 z - 28 stones
 E - 3 javelins
 L - 3 steel darts
Armour
 b - a +0 scale mail (worn)
 c - a +0 shield (worn)
 i - a +0 ring mail
 m - a +0 elven robe
Comestibles
 d - 2 bread rations
 k - a lychee
 s - an apple
 C - 2 meat rations
Scrolls
 f - 3 scrolls of identify {unknown}
 p - a scroll of random uselessness {unknown}
 t - 3 scrolls of teleportation {unknown}
 v - 2 scrolls of curse weapon {unknown}
 G - 2 scrolls of curse jewellery {unknown}
 J - a scroll of noise {unknown}
Jewellery
 F - an uncursed amulet of faith {unknown}
 H - an amulet of inaccuracy (around neck) {unknown}
Potions
 e - 2 potions of heal wounds {unknown}
 h - a potion of restore abilities {unknown}
 B - a potion of beneficial mutation {unknown}
 K - a potion of might {unknown}
 O - a potion of invisibility {unknown}


   Skills:
 - Level 3.7 Fighting
 - Level 2.5 Axes
 * Level 5.5 Armour
 + Level 0.1 Stealth
 - Level 3.9 Shields


You had 2 spell levels left.
You didn't know any spells.

Dungeon Overview and Level Annotations

Branches:
Dungeon (3/27)

Altars:

Annotations:
D:3 Crazy Yiuf


Innate Abilities, Weirdness & Mutations

You reflexively headbutt those who attack you in melee.
You have a pair of horns on your head.


Message History

You throw a dart. The dart misses Crazy Yiuf.
Throwing (i - inventory. (,) - cycle):
o - 42 darts (quivered)
Press: ? - help, Shift-Dir - straight line, f/p - Crazy Yiuf
Aim: Crazy Yiuf, wielding a quarterstaff of chaos and wearing a cloak You throw a dart.
The dart hits Crazy Yiuf.
Crazy Yiuf is lightly wounded.
Crazy Yiuf says, "Goldfish bag horse!"
Throwing (i - inventory. (,) - cycle):
o - 41 darts (quivered)
Press: ? - help, Shift-Dir - straight line, f/p - Crazy Yiuf
Aim: Crazy Yiuf, wielding a quarterstaff of chaos and wearing a cloak (lightly wounded)
You throw a dart. The dart misses Crazy Yiuf.
You hit Crazy Yiuf.
Crazy Yiuf is lightly wounded.
Crazy Yiuf hits you with a quarterstaff of chaos!
You are electrocuted!
Ouch! That really hurt!
* * * LOW HITPOINT WARNING * * *
You block Crazy Yiuf's attack.
Crazy Yiuf hits you with a quarterstaff of chaos.
You die...

##.#.#
#..####.#(###.#
#.#.#
#...###.#.# #.#
...##
#....####(# #.#
##....## #.#
#.# ♣♣..g.♣♣
#.# #.#
♣♣♣...♣♣ #(#
#.# ♣♣♣♣.♣♣♣
#.# #.# ♣♣♣♣.♣♣
#g###.# ♣♣.♣♣♣
#@....# ♣♣.♣♣♣
#.##### ♣♣.♣♣♣
... ##.##♣
##.## .. #.#
#.. #.# #). #.#
### #.# #.#


You could see Crazy Yiuf.

Vanquished Creatures
  An adder (D:2)
  An inept item mimic (D:2)
  5 bats
  4 giant cockroaches
  5 goblins
  6 hobgoblins
  4 jackals (D:1)
  6 kobolds
  2 giant newts
  13 rats
47 creatures vanquished.

Notes
Turn   | Place    | Note
--------------------------------------------------------------
     0 | D:1      | Jake482, the Minotaur Fighter, began the quest for the Orb.
     0 | D:1      | Reached XP level 1. HP: 19/19 MP: 0/0
   220 | D:1      | Reached XP level 2. HP: 26/26 MP: 0/0
   260 | D:1      | Reached skill level 4 in Armour
   463 | D:1      | Reached XP level 3. HP: 31/33 MP: 1/1
  1123 | D:2      | Reached skill level 5 in Armour
  1703 | D:3      | Noticed Crazy Yiuf
  1906 | D:3      | Slain by Crazy Yiuf

Action                   || total
-------------------------++-------
Melee: Hand axe          ||    71
       Mace              ||    31
       Short sword       ||    14
Throw: Dart              ||     5
